 Dungeon Crawl Stone Soup version 0.28.0-53-g5a82cb258f (webtiles) character file.

Game seed: 14423156709015514026

47 LustLizard the Chiller (level 3, 0/26 HPs)
             Began as a Human Ice Elementalist on Aug 4, 2022.
             Slain by a centaur (3 damage)
             ... on level 3 of the Dungeon.
             The game lasted 00:04:17 (2227 turns).

LustLizard the Chiller (Human Ice Elementalist)     Turns: 2227, Time: 00:04:17

Health: 0/26       AC: 11    Str:  8    XL:     3   Next: 97%
Magic:  0/6        EV: 12    Int: 17    God:
Gold:   48         SH:  0    Dex: 13    Spells: 2/6 levels left

rFire   . . .      SeeInvis .   b - +0 spear
rCold   . . .      Faith    .   (no shield)
rNeg    . . .      Spirit   .   a - +0 robe
rPois   .          Reflect  .   h - +2 helmet
rElec   .          Harm     .   (no cloak)
rCorr   .          Rampage  .   (no gloves)
Will    .....                   (no boots)
Stlth   ++........              (no amulet)
HPRegen 0.08/turn               (no ring)
MPRegen 0.10/turn               (no ring)

@: ice-armoured
A: no striking features
a: no special abilities


You were on level 3 of the Dungeon.
You visited 1 branch of the dungeon, and saw 3 of its levels.

You collected 48 gold pieces.

Inventory:

Hand Weapons
 b - a +0 spear (weapon)
Armour
 a - a +0 robe (worn)
 e - a +0 buckler
 h - a +2 helmet (worn)
Jewellery
 k - an amulet of faith
Scrolls
 c - 4 scrolls of enchant armour {unknown}
 g - a scroll of identify {unknown}
 i - a scroll of noise {unknown}
 j - a scroll of holy word {unknown}
Potions
 d - a potion of magic {unknown}
 f - 2 potions of curing {unknown}


   Skills:
 + Level 1.1 Fighting
 - Level 2.0 Dodging
 + Level 2.6 Stealth
 + Level 2.3 Spellcasting
 * Level 4.5 Ice Magic


You had 2 spell levels left.
You knew the following spells:

 Your Spells              Type           Power      Damage    Failure   Level
a - Freeze                Ice            68%        1d8       3%          1
b - Ozocubu's Armour      Ice            17%        N/A       9%          3

Your spell library contained the following spells:

 Spells                   Type           Power      Damage    Failure   Level
 Frozen Ramparts          Ice            34%        1d5       9%          3
 Summon Guardian Golem    Hex/Summ       2%         N/A       50%         3
 Hailstorm                Conj/Ice       9%         3d4       58%         4
 Orb of Destruction       Conj           1%         9d5       100%        7
 Spellforged Servitor     Conj/Summ      1%         N/A       100%        7


Dungeon Overview and Level Annotations

Branches:
Dungeon (3/15)

Altars:
The Shining One

Shops:
D:2 [


Message History

* * * LOW HITPOINT WARNING * * *
The centaur closely misses you.
You hit the centaur.
The centaur is heavily wounded.
The centaur closely misses you. The centaur misses you.
You hit the centaur but do no damage.
The centaur is heavily wounded.
The centaur barely misses you.
The centaur kicks you but does no damage.
The centaur hits you but does no damage.
The centaur closely misses you.
You hit the centaur.
The centaur is heavily wounded.
The centaur hits you but does no damage.
The centaur misses you. The centaur hits you.
* * * LOW HITPOINT WARNING * * *
The centaur kicks you but does no damage.
Casting: Ozocubu's Armour (quite dangerous; 9% risk of failure)
Confirm with . or Enter, or press ? or * to list all spells.
You don't have enough magic to cast this spell.
Casting: Ozocubu's Armour (quite dangerous; 9% risk of failure)
Confirm with . or Enter, or press ? or * to list all spells.
Aiming: Freeze (safe; 3% risk of failure)
Press: ? - help, Shift-Dir - straight line, f/p - centaur
Aim: a centaur, quivering arrows (heavily wounded)
You freeze the centaur.
The centaur is heavily wounded.
The centaur hits you but does no damage.
The centaur kicks you but does no damage.
You hit the centaur. You punch the centaur.
The centaur is severely wounded.
The centaur barely misses you.
The centaur kicks you but does no damage.
The centaur barely misses you. x2
You barely miss the centaur.
The centaur is severely wounded.
The centaur barely misses you.
The centaur kicks you but does no damage.
The centaur hits you.
You die...

.# .# . .#
.. .# .#. #
>##.... #
##....... ..
#.c......
... #@#
#..##
####†###.##
.....
#.......>.#
#..#.
#.##.##..#.#
#.... #.##.#
.... .##.
#.#..# ###
#.###
###.#.###.#
#....
#.........#
#####
#.###..####
##


You could see a centaur.

Vanquished Creatures
  3 worms
  A dart slug (D:2)
  4 bats
  2 endoplasms (D:1)
  3 giant cockroaches
  4 goblins
  2 hobgoblins
  6 ball pythons
  5 frilled lizards
  5 kobolds
  3 rats
38 creatures vanquished.

Notes
Turn   | Place    | Note
-------+----------+-------------------------------------------
     0 | D:1      | LustLizard the Human Ice Elementalist began the quest for
                  | the Orb.
     0 | D:1      | Reached XP level 1. HP: 13/13 MP: 3/3
   240 | D:1      | Reached XP level 2. HP: 20/20 MP: 3/5
  1251 | D:2      | Found Otiutav's Antique Armour Boutique.
  1262 | D:2      | Reached XP level 3. HP: 25/25 MP: 0/6
  1669 | D:2      | Reached skill level 1 in Fighting
  1772 | D:2      | Found a glowing golden altar of the Shining One.
  2158 | D:3      | Learned a level 3 spell: Ozocubu's Armour
  2214 | D:3      | Noticed a centaur
  2227 | D:3      | Slain by a centaur

Illustrated notes

Levels and vault maps discovered:
D:1:      sevenhm_arrival_forest_fort_large_4, layout_basic
D:2:      layout_basic, serial_shops, nicolae_square_shop, basic_altar,
          serial_rivers, chequers_serial_rivers_micro_c,
          chequers_serial_rivers_large_a, chequers_serial_rivers_micro_a,
          chequers_serial_rivers_micro_c, chequers_serial_rivers_micro_c,
          chequers_serial_rivers_small_b
D:3:      layout_loops_cross, minitemple, minmay_misc_feat_nine_boxes,
          uniq_jessica

Skill      XL: |  1  2  3 |
---------------+----------+-----
Fighting       | 1 |  1.1
Dodging        | |  2.0
Stealth        | |  2.6
Spellcasting   | |  2.3
Ice Magic      | |  4.5

Action                   || total
-------------------------++-------
Melee: Spear             ||   102
       Punch             ||     2
 Cast: Freeze            ||    41
       Ozocubu's Armour  ||     1
 Stab: Sleeping          ||     6
       Distracted        ||     1
Armor: Robe              ||    51
Dodge: Dodged            ||    76
